 Dungeon Crawl Stone Soup version 0.26-a0-639-g72c4674329 (webtiles) character file.

Game seed: 4336506914393703686

655 night the Chiller (level 7, -8/53 HPs)
             Began as a Merfolk Ice Elementalist on Sept 27, 2020.
             Was an Initiate of Gozag.
             Mangled by Pikel
             ... wielding a +1 whip of electrocution
              (14 damage)
             ... on level 4 of the Dungeon on Sept 29, 2020.
             The game lasted 00:13:18 (4813 turns).

night the Chiller (Merfolk Ice Elementalist)        Turns: 4813, Time: 00:13:19

Health: -8/53      AC:  9    Str:  9    XL:     7   Next: 54%
Magic:  6/14       EV: 13    Int: 16    God:    Gozag
Gold:   285        SH:  0    Dex: 14    Spells: 4/15 levels left

rFire    . . .     SeeInvis .   a - +0 short sword
rCold    + . .     Faith    .   (no shield)
rNeg     . . .     Spirit   .   n - +0 robe {rC+}
rPois    .         Reflect  .   (no helmet)
rElec    .         Harm     .   s - scarf {+Inv}
rCorr    .         Rampage  .   (no gloves)
MR       .....                  (no boots)
Stlth    ++........             (no amulet)
HPRegen  0.17/turn              (no ring)
MPRegen  0.14/turn              (no ring)

@: icy armour
A: change form in water, swift swim, stealthy swim
a: Potion Petition, Call Merchant, Bribe Branch, Renounce Religion, Evoke
Invisibility


You were on level 4 of the Dungeon.
You worshipped Gozag.
Gozag was aware of your devotion.
You visited 1 branch of the dungeon, and saw 5 of its levels.

You collected 324 gold pieces.
You paid 39 gold pieces to Gozag.

Inventory:

Hand Weapons
 a - a +0 short sword (weapon)
 b - a +0 hand crossbow
 c - a +0 hunting sling
Missiles
 i - 38 bolts
 j - 6 boomerangs (quivered)
Armour
 f - a +0 robe
 n - a +0 robe of cold resistance (worn)
 s - a scarf of invisibility (worn)
Wands
 m - a wand of polymorph (1)
Scrolls
 d - 2 scrolls of remove curse
 e - a scroll of amnesia
 k - a scroll of identify
 l - 2 scrolls of magic mapping
 r - a scroll of noise {unknown}
 t - a scroll of enchant weapon {unknown}
Potions
 g - 2 potions of curing
 h - a potion of stabbing {unknown}
 o - a potion of might {unknown}
 p - a potion of invisibility {unknown}


   Skills:
 + Level 3.6 Fighting
 - Level 2.6 Dodging
 - Level 2.1 Stealth
 * Level 4.9 Spellcasting
 * Level 7.0 Ice Magic


You had 4 spell levels left.
You knew the following spells:

 Your Spells              Type           Power        Failure   Level
a - Freeze                Ice            ####         1%          1
b - Frozen Ramparts       Ice            ####..       2%          3
c - Ozocubu's Armour      Ice            ####....     2%          3
d - Summon Ice Beast      Ice/Summ       ###.....     34%         4

Your spell library contained the following spells:

 Spells                   Type           Power        Failure   Level
 Hailstorm                Conj/Ice       ###.....     34%         4


Dungeon Overview and Level Annotations

Branches:
Dungeon (5/15)
 Temple: D:4-7

Altars:
Gozag
Hepliaklqana

Annotations:
D:4 Pikel


Message History

Pikel is almost dead.
Pikel hits you but does no damage.
You are electrocuted!
* * * LOW HITPOINT WARNING * * *
Your ice beast barely misses Pikel.
Pikel hits you with a +1 whip of electrocution.
* * * LOW HITPOINT WARNING * * *
You hit Pikel.
Pikel is almost dead.
Your ice beast barely misses Pikel.
Pikel hits you but does no damage.
You closely miss Pikel.
Pikel is almost dead.
Your ice beast closely misses Pikel.
Pikel says, "You'll rot in Tartarus!"
Pikel misses you.
You closely miss Pikel.
Pikel is almost dead.
Your ice beast barely misses Pikel.
Pikel hits you but does no damage.
You are electrocuted!
You die...
Your body crumbles into a pile of gold.

####### ####.....#
#@Y......+
#K##.....#
#5##.....#
#5##...(.#
#5##.....###
#5##.......#
#.5....#.......#
#.K....#.......#
..5......#.......#


You could see Pikel, 4 lemures and a friendly ice beast (summoned).

Vanquished Creatures
  Sigmund (D:3)
  Duvessa (D:4)
  Dowan (D:3)
  2 hounds (D:4)
  An orc priest (D:3)
  4 adders
  2 oozes (D:1)
  3 worms
  4 dart slugs
  3 leopard geckos
  4 orcs
  A ball python (D:1)
  6 giant cockroaches
  8 hobgoblins
  8 bats
  A frilled lizard (D:4)
  9 goblins
  2 kobolds
  11 rats
72 creatures vanquished.

Vanquished Creatures (collateral kills)
  A phantom (D:4)
  An ogre (D:4)
2 creatures vanquished.

Grand Total: 74 creatures vanquished

Notes
Turn   | Place    | Note
-------+----------+-------------------------------------------
     0 | D:1      | night the Merfolk Ice Elementalist began the quest for the
                  | Orb.
     0 | D:1      | Reached XP level 1. HP: 13/13 MP: 3/3
   134 | D:1      | HP: 1/14 [ooze (2)]
   137 | D:1      | Reached XP level 2. HP: 1/20 MP: 0/5
   674 | D:1      | Reached skill level 1 in Fighting
   935 | D:1      | Reached XP level 3. HP: 21/26 MP: 4/6
  1511 | D:2      | Reached skill level 5 in Ice Magic
  1684 | D:2      | Reached XP level 4. HP: 27/32 MP: 3/8
  1700 | D:2      | Learned a level 3 spell: Frozen Ramparts
  1704 | D:2      | Learned a level 3 spell: Ozocubu's Armour
  1947 | D:2      | Found a hazy altar of Hepliaklqana.
  2622 | D:3      | Found an opulent altar of Gozag.
  2674 | D:3      | Became a worshipper of Gozag Ym Sagoz the Greedy
  2858 | D:3      | Noticed Sigmund
  2872 | D:3      | Killed Sigmund
  2872 | D:3      | Reached skill level 2 in Fighting
  2872 | D:3      | Reached skill level 6 in Ice Magic
  2872 | D:3      | Reached XP level 5. HP: 23/39 MP: 3/10
  2872 | D:3      | Reached XP level 6. HP: 27/46 MP: 3/11
  3773 | D:4      | Noticed Duvessa
  3773 | D:4      | Noticed Dowan
  3787 | D:4      | Killed Duvessa
  3787 | D:4      | Reached XP level 7. HP: 30/52 MP: 2/13
  4103 | D:3      | Killed Dowan
  4351 | D:5      | Entered Level 5 of the Dungeon
  4357 | D:5      | Learned a level 4 spell: Summon Ice Beast
  4650 | D:4      | Reached skill level 7 in Ice Magic
  4794 | D:4      | Noticed Pikel
  4810 | D:4      | HP: 6/53 [Pikel/+1 whip of electrocution (4)]
  4813 | D:4      | Mangled by Pikel

Illustrated notes

Levels and vault maps discovered:
D:1:      psy_arrival_fountain, layout_loops_ring
D:2:      layout_rooms, nicolae_overflow_hidden_temple
D:3:      layout_loops_ring, nicolae_gozag_seed_capital, uniq_sigmund
D:4:      layout_basic, minitemple, uniq_duvessa, uniq_pikel
D:5:      layout_loops_corners, marbit_many_paths, serial_shops, shop,
          uniq_blork_the_orc

Skill      XL: |  1  2  3  4  5  6  7 |
---------------+----------------------+-----
Fighting       | 1 2 3 |  3.6
Ice Magic      | 5 6 7 |  7.0
Spellcasting   | 3 4 |  4.9
Dodging        | |  2.6
Stealth        | |  2.1

Action                   |  1- 3 |  4- 6 |  7- 9 || total
-------------------------+-------+-------+-------++-------
Melee: Unarmed           |    32 |       |       ||    32
       Short sword       |    28 |    29 |    43 ||   100
       Scythe            |       |    18 |       ||    18
Throw: Boomerang         |       |       |     3 ||     3
 Cast: Freeze            |    43 |    21 |     8 ||    72
       Frozen Ramparts   |       |    14 |     7 ||    21
       Ozocubu's Armour  |       |     1 |     1 ||     2
       Summon Ice Beast  |       |       |     4 ||     4
  Use: Scroll            |       |     7 |     3 ||    10
 Stab: Sleeping          |     2 |     4 |       ||     6
Armor: Robe              |     4 |    11 |    14 ||    29
Dodge: Dodged            |    71 |    51 |    25 ||   147

Table legend: (Time is in decaauts)
 A = Elapsed time spent in this place.
 B = Non-inter-level travel time spent in this place.
 C = Inter-level travel time spent in this place.
 D = Time resting spent in this place.
 E = Time spent auto-exploring this place.
 F = Levels seen in this place.
 G = Mean time per level.
                   A        B        C        D        E       F      G
               +--------+--------+--------+--------+--------+-----+--------+
         Total |   4838 |   4777 |     61 |   1753 |   2135 |   5 |  967.6 |
       Dungeon |   4838 |   4777 |     61 |   1753 |   2135 |   5 |  967.6 |
               +--------+--------+--------+--------+--------+-----+--------+

Top non-repeatable levels by time:
     D:3: 1446 daAuts
     D:1: 1410 daAuts
     D:2: 1116 daAuts
     D:4: 857 daAuts
     D:5: 6 daAuts
